 Dungeon Crawl Stone Soup version 0.28.0-47-ge53b351184 (webtiles) character file.

Game seed: 6935999492386261431

44 Bruhh the Magician (level 3, -2/25 HPs)
             Began as a Djinni Fire Elementalist on Apr 28, 2022.
             Killed from afar by Sigmund (3 damage)
             ... with a puff of flame
             ... on level 2 of the Dungeon.
             The game lasted 00:01:56 (2576 turns).

Bruhh the Magician (Djinni Fire Elementalist)       Turns: 2576, Time: 00:01:56

Health: -2/25      AC:  2    Str:  7    XL:     3   Next: 85%
Gold:   70         EV: 12    Int: 18    God:
                   SH:  0    Dex: 13

rFire   + + .      SeeInvis .   e - +0 dagger (venom)
rCold   x . .      Faith    .   (no shield)
rNeg    . . .      Spirit   .   a - +0 robe
rPois   ∞          Reflect  .   (no helmet)
rElec   .          Harm     .   (no cloak)
rCorr   .          Rampage  .   (no gloves)
Will    .....                   (boots unavailable)
Stlth   ++........              (no amulet)
HPRegen 0.08/turn               (no ring)
MPRegen 0.00/turn               (no ring)

@: flying
A: sickness immunity, fire resistance 2, cold vulnerability 1, float, innate
caster, HP casting, extra vitality 1
a: no special abilities


You were on level 2 of the Dungeon.
You visited 1 branch of the dungeon, and saw 2 of its levels.

You collected 70 gold pieces.

Inventory:

Hand Weapons
 e - a +0 dagger of venom (weapon)
Armour
 a - a +0 robe (worn)
Scrolls
 b - a scroll of magic mapping {unknown}
 c - 2 scrolls of identify {unknown}
 g - a scroll of enchant armour {unknown}
Potions
 d - 2 potions of haste {unknown}
 f - a potion of curing {unknown}


   Skills:
 - Level 2.1 Dodging
 - Level 1.5 Stealth
 + Level 3.5 Spellcasting


You couldn't memorise any spells.
You knew the following spells:

 Your Spells              Type           Power      Damage    Failure   Level
a - Foxfire               Conj/Fire      60%        2x1d7     3%          1
b - Scorch                Fire           30%        2d6       5%          2
c - Conjure Flame         Conj/Fire      15%        6-21      11%         3
d - Inner Flame           Hex/Fire       15%        N/A       11%         3
e - Flame Wave            Conj/Fire      15%        2d6       34%         4
f - Summon Small Mammal   Summ           60%        N/A       3%          1
Your spell library was empty.

Dungeon Overview and Level Annotations

Branches:
Dungeon (2/15)

Altars:

Annotations:
D:2 Sigmund


Innate Abilities, Weirdness & Mutations

You are immune to sickness and miasma.
You are immune to poison.
Your flesh is very heat resistant. (rF++)
You are vulnerable to cold. (rC-)
You float through the air rather than walking.
You learn spells naturally, not from books.
Your magical power is your life essence.
You have superior vitality. (+4 MHP)


Message History

You can't see any susceptible monsters within range! (Use Z to cast anyway.) No target in view!
You can't see any susceptible monsters within range! (Use Z to cast anyway.)
You can't see any susceptible monsters within range! (Use Z to cast anyway.)
A worm comes into view.
A worm is nearby!
A worm is nearby!
A worm is nearby!
Sigmund the Dreaded comes into view.
He is wielding a +0 scythe.
Sigmund completely misses you.
Flames lash Sigmund.
Sigmund is lightly wounded.
Sigmund's fire resistance burns away.
Sigmund hits you with a +0 scythe!
Ouch! That really hurt!
* * * LOW HITPOINT WARNING * * *
A ball python comes into view.
You see here a ball python corpse.
You are too injured to fight recklessly!
You are too injured to fight recklessly!
You are too injured to fight recklessly!
You are too injured to fight recklessly!
Casting: Scorch (safe; 5% risk of failure)
Confirm with . or Enter, or press ? or * to list all spells.
Flames lash Sigmund.
Sigmund is burned terribly!
Sigmund is moderately wounded.
The ball python hisses angrily.
* * * LOW HITPOINT WARNING * * *
Sigmund says, "Your kind have come here before.
I understand now why.
You desire death..."
Sigmund hits you with a +0 scythe.
* * * LOW HITPOINT WARNING * * *
Casting: Scorch (safe; 5% risk of failure)
Confirm with . or Enter, or press ? or * to list all spells.
Flames lash Sigmund.
Sigmund is burned terribly!
Sigmund is heavily wounded.
* * * LOW HITPOINT WARNING * * *
Unknown command.
Sigmund casts a spell at you. The puff of flame hits you. You resist.
You die...

.#
#.##########...#
.#####+# #...#
........ . #...#
........ .. #...#
........ ...
#...# ........
.... #...#
........
...S.###...####
.......#
......@†........
.......#
.......@........
.......
..........w......
.......
####+#######.#..#
....### .#...
....# .# .. ....#
....# ....# ....#


You could see Sigmund (combustible), a worm and a ball python.

Vanquished Creatures
  3 dart slugs
  A worm (D:2)
  2 endoplasms (D:1)
  2 giant cockroaches (D:1)
  3 hobgoblins
  2 quokkas (D:1)
  3 ball pythons
  4 frilled lizards (D:1)
  4 goblins
  9 kobolds
  4 rats (D:1)
37 creatures vanquished.

Vanquished Creatures (others)
  24 foxfires (D:1)
24 creatures vanquished.

Grand Total: 61 creatures vanquished

Notes
Turn   | Place    | Note
-------+----------+-------------------------------------------
     0 | D:1      | Bruhh the Djinni Fire Elementalist began the quest for the
                  | Orb.
     0 | D:1      | Reached XP level 1. HP: 15/15 MP: 0/0
   381 | D:1      | Reached XP level 2. HP: 14/21 MP: 0/0
   747 | D:1      | Reached skill level 3 in Spellcasting
  1170 | D:1      | Reached XP level 3. HP: 19/25 MP: 0/0
  1170 | D:1      | Learned a level 1 spell: Summon Small Mammal
  2570 | D:2      | Noticed Sigmund
  2576 | D:2      | Killed from afar by Sigmund

Illustrated notes

Levels and vault maps discovered:
D:1:      lightli_arrival_lavapool, layout_basic, serial_rivers,
          chequers_serial_rivers_marsh, chequers_serial_rivers_large_a,
          chequers_serial_rivers_micro_e, chequers_serial_rivers_small_b,
          chequers_serial_rivers_small_3, minmay_door_square,
          hangedman_decor_clover_reticule
D:2:      layout_basic, basic_ecumenical_altar, minmay_tiny_reverse_x,
          uniq_terence, uniq_sigmund

Skill      XL: |  1  2 |
---------------+-------+-----
Spellcasting   | 3 |  3.5
Dodging        | |  2.1
Stealth        | |  1.5

Action                   || total
-------------------------++-------
Melee: Unarmed           ||     1
       Dagger            ||     1
 Cast: Foxfire           ||    14
       Scorch            ||    41
Armor: Robe              ||     2
Dodge: Dodged            ||     4
